 Dungeon Crawl Stone Soup version 0.20.1-1-g8b1a95d (webtiles) character file.

98 straycat the Ducker (level 4, -9/33 HPs)
             Began as a Vampire Wanderer on July 19, 2017.
             Mangled by Crazy Yiuf
             ... wielding a +3 quarterstaff of chaos
              (15 damage)
             ... on level 2 of the Dungeon.
             The game lasted 00:08:07 (1877 turns).

straycat the Ducker (Vampire Wanderer)              Turns: 1877, Time: 00:08:07

Health: -9/33      AC:  3    Str: 10    XL:     4   Next: 43%
Magic:  7/7        EV: 13    Int: 13    God:
Gold:   58         SH:  0    Dex: 16    Spells: 7/7 levels left

rFire    . . .     SeeInvis +   a - +2 short sword
rCold    . . .     Gourm    .   (no shield)
rNeg     + . .     Faith    .   n - +0 leather armour
rPois    .         Spirit   .   (no helmet)
rElec    .         Reflect  .   (no cloak)
rCorr    .         Harm     .   (no gloves)
MR       .....                  (no boots)
Stlth    ++........             (no amulet)
Regen    0.2/turn               (no ring)
MPRegen  0.1/turn               (no ring)

@: no status effects
A: fangs 3, see invisible, unbreathing
a: Bat Form


You were on level 2 of the Dungeon.
You were not thirsty.

You visited 1 branch of the dungeon, and saw 2 of its levels.

You collected 58 gold pieces.

Inventory:

Hand Weapons
 a - a +2 short sword (weapon)
 e - a +0 dagger
 p - a +1 whip of venom
Missiles
 b - 39 stones (quivered)
 j - 31 poisoned needles
 l - 11 arrows
Armour
 n - a +0 leather armour (worn)
Jewellery
 i - a +1 ring of evasion {unknown}
 s - a +6 ring of dexterity {unknown}
Wands
 o - a wand of polymorph (10/24)
 t - a wand of polymorph (15/24)
Scrolls
 c - a scroll of amnesia {unknown}
 g - a scroll of enchant armour {unknown}
 m - a scroll of enchant weapon {unknown}
 q - a scroll of identify {unknown}
Potions
 d - 2 potions of lignification {unknown}
 f - 9 potions of blood
 h - a potion of magic {unknown}
 k - 2 potions of degeneration {unknown}
 r - 2 potions of curing


   Skills:
 - Level 1.7 Fighting
 + Level 2.8 Short Blades
 * Level 3.9 Dodging
 - Level 3.0 Stealth
 - Level 2.0 Spellcasting
   Level 1.0 Conjurations
 - Level 1.0 Evocations


You had 7 spell levels left.
You didn't know any spells.

Dungeon Overview and Level Annotations

Branches:
Dungeon (2/15)

Altars:

Annotations:
D:2 Crazy Yiuf


Innate Abilities, Weirdness & Mutations

You have razor-sharp teeth.
You have supernaturally acute eyesight. (SInv)
You can survive without breathing.


Message History

Crazy Yiuf is moderately wounded.
Crazy Yiuf barely misses you.
You hit Crazy Yiuf. You bite Crazy Yiuf.
Crazy Yiuf is heavily wounded.
Crazy Yiuf says, "Key!"
Crazy Yiuf barely misses you.
You hit Crazy Yiuf but do no damage. Your bite misses Crazy Yiuf.
Crazy Yiuf is heavily wounded.
You hit Crazy Yiuf.
Crazy Yiuf is severely wounded.
Crazy Yiuf barely misses you.
You hit Crazy Yiuf.
Crazy Yiuf is almost dead.
Crazy Yiuf misses you.
You closely miss Crazy Yiuf.
Crazy Yiuf is almost dead.
Crazy Yiuf hits you with a quarterstaff of chaos!
* * * LOW HITPOINT WARNING * * *
You are electrocuted!
You die...

###########
###########..........
#.......[.....#######
############### # #
########
########.#..+.######
#...##..#...........
#.g@'.####..........
#)..### ##.+.......
##### ####......
#..###. #..# #. ##..#
#. .. .....###.
>.................
#...... .....###.


You could see Crazy Yiuf.

Vanquished Creatures
  4 adders (D:2)
  4 oozes
  A worm (D:1)
  A dart slug (D:2)
  2 leopard geckos
  4 goblins (D:1)
  5 hobgoblins
  A quokka (D:2)
  7 bats
  2 frilled lizards (D:1)
  4 kobolds (D:1)
  4 rats
39 creatures vanquished.

Notes
Turn   | Place    | Note
-------+----------+-------------------------------------------
     0 | D:1      | straycat the Vampire Wanderer began the quest for the Orb.
     0 | D:1      | straycat set off with: a +2 short sword, a +0 quarterstaff, a potion of curing, a +0 robe, a +0 dagger, a potion of blood
     0 | D:1      | Reached XP level 1. HP: 16/16 MP: 3/3
   299 | D:1      | Reached XP level 2. HP: 16/22 MP: 5/5
   837 | D:1      | Reached XP level 3. HP: 23/27 MP: 6/6
  1558 | D:2      | Reached XP level 4. HP: 33/33 MP: 7/7
  1666 | D:2      | Noticed Terence
  1750 | D:2      | Noticed Terence
  1750 | D:2      | Terence changed into Terence the leopard gecko
  1756 | D:2      | Killed Terence the leopard gecko
  1863 | D:2      | Found a runed door.
  1867 | D:2      | Noticed Crazy Yiuf
  1877 | D:2      | Mangled by Crazy Yiuf

Skill      XL: |  1  2  3 |
---------------+----------+-----
Dodging        | 2 3 |  3.9
Short Blades   | 2 |  2.8
Fighting       | |  1.7
Stealth        | |  3.0
Spellcasting   | |  2.0
Conjurations   | |  1.0
Evocations     | |  1.0

Action                   |  1- 3 |  4- 6 || total
-------------------------+-------+-------++-------
Melee: Short sword       |    99 |    36 ||   135
       Bite              |    14 |     4 ||    18
Throw: Stone             |     1 |     1 ||     2
Evoke: Wand              |       |     1 ||     1
  Use: Potion            |     6 |       ||     6
 Stab: Sleeping          |     2 |     2 ||     4
  Eat: Corpse            |     1 |       ||     1
Armor: Robe              |    16 |       ||    16
       Leather armour    |     7 |     3 ||    10
Dodge: Dodged            |    52 |    22 ||    74
